 Dungeon Crawl Stone Soup version 0.27-a0-553-ge0ab5a2769 (webtiles) character file.

Game seed: 13893636291003533247

5065 Chiseanne the Destroyer (level 10, 63/63 HPs)
             Began as a Demonspawn Hedge Wizard on Mar 8, 2021.
             Was an Initiate of Vehumet.
             Quit the game in the Ecumenical Temple.
             The game lasted 00:31:36 (12667 turns).

Chiseanne the Destroyer (Demonspawn Hedge Wizard)  Turns: 12667, Time: 00:31:36

Health: 63/63      AC:  7    Str: 11    XL:     10   Next: 31%
Magic:  24/24      EV: 12    Int: 18    God:    Vehumet [......]
Gold:   450        SH:  0    Dex: 19    Spells: 23/29 levels left

rFire    + . .     SeeInvis .   a - +2 spear (venom)
rCold    + . .     Faith    .   (no shield)
rNeg     . . .     Spirit   .   w - +1 robe {rC+ rF+}
rPois    .         Reflect  .   d - +1 helmet
rElec    .         Harm     .   (no cloak)
rCorr    +         Rampage  .   (no gloves)
Will     .....                  (no boots)
Stlth    ++........             (no amulet)
HPRegen  0.20/turn              o - +6 ring of dexterity
MPRegen  0.38/turn              l - ring of resist corrosion

@: no status effects
A: molten scales 1, foul stench 1, magic regeneration
a: Renounce Religion


You were in the Ecumenical Temple.
You worshipped Vehumet.
Vehumet was noncommittal.
You visited 2 branches of the dungeon, and saw 11 of its levels.
You also visited: Sewer.

You collected 450 gold pieces.

Inventory:

Hand Weapons
 a - a +2 spear of venom (weapon)
 x - a +4 dagger of chaos
Missiles
 c - 79 arrows
 g - 50 bolts
 r - 21 sling bullets
 u - 5 boomerangs
 y - 29 poisoned darts
Armour
 d - a +1 helmet (worn)
 q - a +0 kite shield
 w - a +1 robe of resistance (worn)
Jewellery
 l - a ring of resist corrosion (right hand)
 o - a +6 ring of dexterity (left hand)
Wands
 b - a wand of random effects (15)
 f - a wand of flame (14)
Scrolls
 e - a scroll of fear
 m - 3 scrolls of teleportation
 p - a scroll of magic mapping
 z - 2 scrolls of identify
Potions
 h - 3 potions of curing
 i - a potion of mutation {unknown}
 j - a potion of brilliance
 k - 6 potions of flight
 n - 3 potions of berserk rage
 t - a potion of degeneration {unknown}
 v - a potion of magic


   Skills:
 - Level 1.7 Dodging
 - Level 1.7 Stealth
 * Level 10.3 Spellcasting
 * Level 10.8 Conjurations
 - Level 1.0 Summonings
 - Level 0.8 Translocations


You had 23 spell levels left.
You knew the following spells:

 Your Spells              Type           Power      Damage    Failure   Level
a - Magic Dart            Conj           100%       1d8       1%          1
b - Blink                 Tloc           N/A        N/A       9%          2
d - Mephitic Cloud        Conj/Pois/Air  22%        N/A       5%          3

Your spell library contained the following spells:

 Spells                   Type           Power      Damage    Failure   Level
 Conjure Flame            Conj/Fire      28%        6-21      2%          3
 Call Imp                 Summ           12%        N/A       8%          2
 Slow                     Hex            9%         N/A       12%         2


Dungeon Overview and Level Annotations

Branches:
Dungeon (10/15)            Temple (1/1) D:7           Sewer (visited)
   Lair: D:8-11         Orc: D:9-12

Altars:
Ashenzari
Cheibriados
Dithmenos
Elyvilon
Fedhas
Gozag
Hepliaklqana
Kikubaaqudgha
Makhleb
Nemelex Xobeh
Okawaru
Qazlal
Ru
Sif Muna
Trog
Vehumet
Xom
Zin

Annotations:
D:2 Terence
D:9 Gastronok, Joseph
D:10 Maurice


Innate Abilities, Weirdness & Mutations

You are partially covered in molten scales. (AC +2)
You may rarely emit foul miasma when damaged in melee.
You regenerate magic rapidly.


Message History

That beam is likely to hit you.
Continue anyway? [Y]es or [N]o only, please.
That beam is likely to hit you.
Continue anyway?
Okay, then.
Found a war axe.
Casting: Magic Dart (safe; 1% risk of failure)
Confirm with . or Enter, or press ? or * to list all spells.
Aiming: Magic Dart (safe; 1% risk of failure)
Press: ? - help, Shift-Dir - straight line, f - you That beam is likely to hit you.
Continue anyway? [Y]es or [N]o only, please.
That beam is likely to hit you.
Continue anyway? [Y]es or [N]o only, please.
That beam is likely to hit you.
Continue anyway? [Y]es or [N]o only, please.
That beam is likely to hit you.
Continue anyway? [Y]es or [N]o only, please.
That beam is likely to hit you.
Continue anyway? [Y]es or [N]o only, please.
That beam is likely to hit you.
Continue anyway? [Y]es or [N]o only, please.
That beam is likely to hit you.
Continue anyway?
Okay, then.
Unknown command.
Unknown command.
An adder skeleton comes into view.
You now have 450 gold pieces (gained 5).
There is a staircase to the Ecumenical Temple here.
You climb downwards.
Welcome to the Ecumenical Temple!
There is a staircase back to the Dungeon here.
There is a dry fountain here.
Found three altars.
Found five altars.
Found three altars.
Found a hazy altar of Hepliaklqana.
There is a radiant altar of Vehumet here.
You kneel at the altar of Vehumet.
You kneel at the altar of Vehumet.
Vehumet welcomes you!
Are you sure you want to abandon this character and quit the game? (Confirm with "yes".)

≈≈≈≈≈≈≈≈...≈≈≈≈≈≈≈≈
≈≈≈≈≈≈≈≈≈≈≈≈...≈≈≈≈≈≈≈
≈≈≈≈≈≈≈≈≈≈≈≈...≈≈≈≈≈≈≈
≈≈≈≈≈≈≈≈≈≈≈≈...≈≈≈≈≈≈≈
≈≈≈≈≈≈≈≈≈≈≈≈...≈≈≈≈≈≈≈
≈≈≈≈≈≈≈≈≈≈≈≈...≈≈≈≈≈≈≈
≈≈≈≈≈≈≈≈≈≈≈.....≈≈≈≈≈≈
≈≈≈≈≈.................
≈≈≈≈...@....._....._..
≈≈≈≈._..._._..._._..._
≈≈≈≈..._....._....._.
≈≈≈≈≈...............
≈≈≈≈≈≈≈≈≈≈≈≈≈≈≈≈≈≈≈≈
≈≈≈≈≈≈≈≈≈≈≈≈≈≈≈≈≈≈≈≈
≈≈≈≈≈≈≈≈≈≈≈≈≈≈≈≈≈≈≈
≈≈≈≈≈≈≈≈≈≈≈≈≈≈≈≈≈≈


There were no monsters in sight!

Vanquished Creatures
  A centaur warrior (D:8)
  A tengu warrior (D:8)
  Pikel (D:8)
  Psyche (D:9)
  Eustachio (D:4)
  A water moccasin (D:6)
  2 ice beasts (D:6)
  Purgy (Sewer)
  3 sky beasts
  2 ogres
  A necrophage (D:9)
  2 centaurs
  A lemure (D:8)
  A kobold brigand (D:9)
  3 bullfrogs
  A wyvern skeleton (D:7)
  2 scorpions
  3 wights (D:9)
  6 killer bees (D:9)
  2 howler monkeys
  2 bullfrog zombies
  A jelly (D:7)
  A bullfrog skeleton (D:6)
  2 orc priests (D:6)
  A hound (D:8)
  An iguana (D:4)
  5 orc wizards
  2 hell rats (D:9)
  9 worker ants
  A killer bee zombie (D:9)
  A hound skeleton (D:9)
  A hound zombie (D:4)
  4 gnolls (D:6)
  2 howler monkey skeletons (D:4)
  2 river rats (D:9)
  10 adders
  3 white imps
  An ufetubus (D:8)
  2 oozes
  2 adder zombies
  5 adder skeletons
  3 worms
  3 leopard geckos
  19 orcs
  9 bats
  7 giant cockroaches
  4 goblins
  7 hobgoblins
  7 jackals
  10 kobolds
  3 quokkas
  4 ball pythons
  8 frilled lizards
  A leopard gecko skeleton (D:4)
  2 leopard gecko zombies
  A quokka skeleton (D:4)
  A quokka zombie (D:4)
  10 rats
193 creatures vanquished.

Vanquished Creatures (collateral kills)
  A bullfrog (D:8)
1 creature vanquished.

Vanquished Creatures (others)
  8 withered plants (D:4)
8 creatures vanquished.

Grand Total: 202 creatures vanquished

Notes
Turn   | Place    | Note
-------+----------+-------------------------------------------
     0 | D:1      | Chiseanne the Demonspawn Hedge Wizard began the quest for
                  | the Orb.
     0 | D:1      | Reached XP level 1. HP: 13/13 MP: 4/4
    31 | D:1      | Found a broken altar of Ashenzari.
   561 | D:1      | Gained mutation: You are partially covered in molten
                  | scales. (AC +2) [demonic ancestry]
   561 | D:1      | Reached XP level 2. HP: 18/19 MP: 0/6
  1307 | D:1      | Learned a level 2 spell: Blink
  1481 | D:2      | Reached XP level 3. HP: 23/24 MP: 0/8
  1976 | D:2      | Noticed Terence
  1996 | D:1      | Gained mutation: You may rarely emit foul miasma when
                  | damaged in melee. [demonic ancestry]
  1996 | D:1      | Reached XP level 4. HP: 30/30 MP: 7/9
  2647 | D:3      | Found a glowing drain.
  2673 | Sewer    | Entered a sewer
  2765 | Sewer    | Noticed Purgy
  2912 | Sewer    | Learned a level 3 spell: Mephitic Cloud
  2957 | Sewer    | Killed Purgy
  2958 | Sewer    | Gained mutation: You regenerate magic rapidly. [demonic
                  | ancestry]
  2958 | Sewer    | Reached XP level 5. HP: 35/35 MP: 7/11
  4005 | D:4      | Reached skill level 5 in Spellcasting
  4005 | D:4      | Reached XP level 6. HP: 33/41 MP: 1/13
  4159 | D:4      | Found a shadowy altar of Dithmenos.
  4982 | D:4      | Noticed Eustachio
  5004 | D:4      | Killed Eustachio
  5005 | D:4      | Reached skill level 5 in Conjurations
  5005 | D:4      | Reached XP level 7. HP: 45/46 MP: 3/15
  5135 | D:5      | Entered Level 5 of the Dungeon
  5343 | D:5      | Found a sparkling altar of Nemelex Xobeh.
  5533 | D:5      | Found a shimmering blue altar of Sif Muna.
  7003 | D:6      | Chiseanne: great game! only undead and other shit
                  | unaafected by the cloud!
  7003 | D:6      | Chiseanne: you fucking suck
  7560 | D:6      | Chiseanne: and poisonous stuff on every step..again you
                  | suck
  7651 | D:6      | Reached XP level 8. HP: 23/52 MP: 9/18
  7903 | D:6      | Found a blossoming altar of Fedhas.
  9071 | D:6      | Found an iron altar of Okawaru.
  9558 | D:7      | You fall into a shaft and drop 2 floors!
  9560 | D:9      | Chiseanne: fell down a shaft...2 !!! levels!!! in the
                  | middle of a herd of yaks and killer bees..you fucking suck
  9679 | D:9      | Reached XP level 9. HP: 56/57 MP: 14/21
  9727 | D:9      | Identified a scroll of acquirement
  9727 | D:9      | Acquired the -7 hat "Xyzaosih" {rPois rN++ Str-5 SInv}
  9770 | D:9      | Found a sacrificial altar of Ru.
  9771 | D:9      | Chiseanne: you fucking suck!!!! a hat with -7 ac..you
                  | idiots
  9831 | D:9      | Noticed Psyche
  9842 | D:9      | Killed Psyche
 10144 | D:9      | Noticed Gastronok
 10150 | D:9      | Noticed Joseph
 10272 | D:9      | Chiseanne: and of course, no matter where I try to flee to
                  | there is something waiting for me and chasing me..you suck
 10969 | D:9      | Noticed a death yak
 11063 | D:9      | Noticed a death yak
 11067 | D:10     | Entered Level 10 of the Dungeon
 11220 | D:10     | Noticed Maurice
 11238 | D:8      | Chiseanne: and of course no temple..you suck
 11282 | D:7      | Noticed Pikel
 11291 | D:8      | Chiseanne: and of courese when u take the stairs something
                  | waiting for you ..fuck you!
 11322 | D:8      | Killed Pikel
 11444 | D:8      | Reached skill level 10 in Conjurations
 11943 | D:8      | Noticed a centaur warrior
 11944 | D:8      | Noticed a deep elf pyromancer
 11955 | D:8      | Noticed a tengu warrior
 11962 | D:8      | Chiseanne: and of course that shit is
                  | unaffected..again..fuck you
 12154 | D:8      | Killed a centaur warrior
 12155 | D:8      | Reached skill level 10 in Spellcasting
 12155 | D:8      | Reached XP level 10. HP: 40/63 MP: 21/24
 12235 | D:8      | Killed a tengu warrior
 12586 | D:7      | Found a staircase to the Ecumenical Temple.
 12635 | Temple   | Entered the Ecumenical Temple
 12666 | Temple   | Became a worshipper of Vehumet
 12667 | Temple   | Quit the game

Illustrated notes

Levels and vault maps discovered:
D:1:      amcnicky_arrival_gap_in_the_tavern_cellar, layout_basic,
          ashenzari_altar_1
D:2:      layout_rooms, minmay_tall_x, uniq_terence, uniq_crazy_yiuf_cottage
D:3:      layout_loops_ring, cheibrodos_sewer_entry_sluice
D:4:      layout_loops_ring, old_standard_altar, serial_undead, serial_undead_b,
          serial_undead_e, serial_undead_c, serial_undead_d, uniq_eustachio
D:5:      layout_basic, led_sif_book, lemuel_doored_altar
D:6:      layout_loops_ring, kennysheep_mini, okawaru_ov_weapons_minmay
D:7:      layout_cave_pools, chequers_temple_overflow_minitemple,
          gammafunk_temple_overflow_statue, minmay_temple_entry_butterflies,
          tso_altar, uniq_pikel
D:8:      minmay_the_grid_octo_2x2 [minmay_the_grid_octo_teeth,
          minmay_the_grid_octo_checkered, minmay_the_grid_octo_thin_diamonds,
          minmay_the_grid_octo_prize_ultimate_mussel_roller], layout_basic,
          minivault_24
D:9:      layout_gridville, nicolae_ru_great_annihilating_truth,
          dpeg_lair_monsters, uniq_joseph, uniq_gastronok, uniq_psyche
D:10:     layout_rooms, uniq_maurice, uniq_fannar, uniq_erolcha
Temple:   minmay_temple_bridge_abc

Skill      XL: |  1  2  3  4  5  6  7  8  9 |
---------------+----------------------------+-----
Conjurations   | 2 3 4 5 6 8 10 | 10.8
Spellcasting   | 4 5 6 8 10 | 10.3
Dodging        | |  1.7
Stealth        | |  1.7
Summonings     | |  1.0
Translocations | |  0.8

Action                   |  1- 3 |  4- 6 |  7- 9 | 10-12 || total
-------------------------+-------+-------+-------+-------++-------
Melee: Dagger            |    12 |    84 |       |       ||    96
       Falchion          |       |       |    25 |       ||    25
       Spear             |       |       |    82 |     5 ||    87
 Cast: Magic Dart        |    70 |   167 |   388 |    44 ||   669
       Mephitic Cloud    |       |     8 |    41 |     3 ||    52
Evoke: Wand              |       |       |    10 |    10 ||    20
  Use: Scroll            |     5 |     9 |    12 |       ||    26
       Potion            |       |     4 |     5 |       ||     9
 Stab: Confused          |       |     5 |     7 |       ||    12
       Paralysed         |       |       |    14 |     5 ||    19
Armor: Robe              |    21 |    33 |    76 |    11 ||   141
Dodge: Dodged            |    32 |    60 |   167 |    39 ||   298
       Rpst.: Falchion   |       |       |     9 |       ||     9

Table legend: (Time is in decaauts)
 A = Elapsed time spent in this place.
 B = Non-inter-level travel time spent in this place.
 C = Inter-level travel time spent in this place.
 D = Time resting spent in this place.
 E = Time spent auto-exploring this place.
 F = Levels seen in this place.
 G = Mean time per level.
                   A        B        C        D        E       F      G
               +--------+--------+--------+--------+--------+-----+--------+
         Total |  12689 |  12363 |    326 |   5955 |   3949 |  12 | 1057.4 |
       Dungeon |  12258 |  11932 |    326 |   5751 |   3912 |  10 | 1225.8 |
        Temple |     31 |     31 |      0 |      0 |     21 |   1 |   31.0 |
         Sewer |    399 |    399 |      0 |    204 |     16 |   1 |  399.0 |
               +--------+--------+--------+--------+--------+-----+--------+

Top non-repeatable levels by time:
     D:6: 2071 daAuts
     D:1: 1644 daAuts
     D:5: 1639 daAuts
     D:9: 1524 daAuts
     D:4: 1505 daAuts
     D:8: 1177 daAuts
     D:3: 1158 daAuts
     D:2: 863 daAuts
     D:7: 514 daAuts
   Sewer: 399 daAuts
    D:10: 157 daAuts
  Temple: 31 daAuts
